Map: Frozen Temple

Players

Amix

  • Race: Zerg Zerg
  • League: Platinum
  • Spawn Location: 5:00

A.I. 2 (Medium) - Winner!

  • Race: Zerg Zerg
  • Spawn Location: 11:00

VOD

Have the link to the VOD?

Description

Time

  • Played on: Nov. 16, 2016, 1:38 p.m.
  • Length: 1:11
Show
View Real Time Build Order
Export as new Build Order

Amix Zerg 

Build Orders: Pool Only 

Get SALT Encoding   

  12  0:01  Drone  
  13  0:22  Spawning Pool  
  13  0:26  Drone  
  13  0:30  Drone  
  13  0:34  Extractor  
  13  0:41  Overlord  
  13  0:48  Drone, Extractor  
Show
View Real Time Build Order
Export as new Build Order

A.I. 2 (Medium) Zerg - Winner!

Build Orders: Pool Only 

Get SALT Encoding   

  12  0:01  Drone  
  13  0:12  Overlord  
  13  0:17  Drone  
  14  0:30  Drone  
  14  0:33  Drone  
  16  0:43  Spawning Pool  
  16  0:45  Drone  
  17  0:50  Drone  
  17  0:52  Extractor  
  17  0:55  Drone  
Tags
 
League
Platinum
Matchup
ZvZ
Race
Zerg
Spawn Locations
Cross Positions
Add a new tag
Caveats
  • Supply blocks, unpowered buildings, or Contaminate may cause inaccurate times.
  • Supply counts are checked every 10 seconds.